 Dungeon Crawl Stone Soup version 0.28.0-53-g5a82cb258f (webtiles) character file.

Game seed: 17079452683792168714

1 Descartes the Grasshopper (level 1, -1/9 HPs)
             Began as a Felid Warper on June 14, 2022.
             Slain by a kobold
             ... wielding a +0 short sword of venom
              (3 damage)
             ... on level 1 of the Dungeon.
             The game lasted 00:00:15 (39 turns).

Descartes the Grasshopper (Felid Warper)              Turns: 39, Time: 00:00:16

Health: -1/9       AC:  1    Str:  7    XL:     1   Next: 16%
Magic:  4/4        EV: 17    Int: 14    God:
Gold:   0          SH:  0    Dex: 15    Spells: 4/4 levels left
                                        Lives:  0   Deaths: 0

rFire   . . .      SeeInvis +     - Unarmed
rCold   . . .      Faith    .   (shield unavailable)
rNeg    . . .      Spirit   .   (armour unavailable)
rPois   .          Reflect  .   (helmet unavailable)
rElec   .          Harm     .   (cloak unavailable)
rCorr   .          Rampage  .   (gloves unavailable)
Will    .....                   (boots unavailable)
Stlth   +.........              (no amulet)
HPRegen 0.03/turn               (no ring)
MPRegen 0.09/turn               (no ring)

@: quick
A: very small, claws 1, fangs 3, see invisible, speed 1, shaggy fur 1, stealthy
paws, no weapons or thrown items, no armour, multi-lived
a: no special abilities


You were on level 1 of the Dungeon.
You visited 1 branch of the dungeon, and saw 1 of its levels.

Inventory:

Scrolls
 a - a scroll of blinking


   Skills:
 - Level 2.0 Fighting
 + Level 3.2 Dodging
 + Level 2.0 Unarmed Combat
 - Level 2.0 Spellcasting
 + Level 4.4 Translocations


You had 4 spell levels left.
You didn't know any spells.
Your spell library contained the following spells:

 Spells                   Type           Power      Damage    Failure   Level
 Blink                    Tloc           26%        N/A       6%          2
 Gell's Gravitas          Tloc           13%        N/A       12%         3
 Lesser Beckoning         Tloc           13%        N/A       12%         3
 Teleport Other           Tloc           13%        N/A       12%         3
 Manifold Assault         Tloc           13%        N/A       71%         5


Dungeon Overview and Level Annotations

Branches:
Dungeon (1/15)

Altars:


Innate Abilities, Weirdness & Mutations

You have sharp claws.
You have razor-sharp teeth.
You have supernaturally acute eyesight. (SInv)
You cover ground quickly. (Speed+)
You are covered in fur. (AC +1)
Your paws help you pounce on unaware monsters.
You are incapable of wielding weapons or throwing items.
You cannot wear armour.
You gain extra lives every three experience levels.


Message History

Found a scroll labelled JEIMYUTINU.
You closely miss the rat. You bite the rat.
You kill the rat!
A rat comes into view.
The rat moves out of view.
There is an open door here.
You see here a rat corpse. 2 rats come into view.
Found a scroll labelled DULIUDGH GYLA.
You completely miss the rat. The rat misses you.
You completely miss the rat. You scratch the rat.
You kill the rat!
The rat bites you.
You barely miss the rat. The rat bites you.
You barely miss the rat.
The rat twitches its whiskers.
The rat closely misses you.
You scratch the rat.
The rat is moderately wounded.
The rat closely misses you. The rat bites you.
You are too injured to fight recklessly!
You are too injured to fight recklessly!
You are too injured to fight recklessly!
You are too injured to fight recklessly!
You are too injured to fight recklessly!
You are too injured to fight recklessly!
You are too injured to fight recklessly!
There is an open door here.
You see here a rat corpse.
You scratch the rat but do no damage. Your bite misses the rat.
The rat is moderately wounded.
The rat bites you.
* * * LOW HITPOINT WARNING * * *
You barely miss the rat.
The rat is moderately wounded.
The rat misses you.
A kobold comes into view.
It is wielding a +0 short sword of venom.
The kobold hits you with a +0 short sword of venom.
You die...

... .. ##?.
.. #...
####.# #...
#....# #...
#....# #?..
#....## #...
#####@K...#
#.†##
#.r.......#
#...##
#.#######..#
##...####.#
.# ###rr..#r#
########.<#.#
#......'..r.#
#......#..#.#
#......####.#


You could see a kobold and a rat.

Vanquished Creatures
  2 rats (D:1)
2 creatures vanquished.

Notes
Turn   | Place    | Note
-------+----------+-------------------------------------------
     0 | D:1      | Descartes the Felid Warper began the quest for the Orb.
     0 | D:1      | Reached XP level 1. HP: 9/9 MP: 4/4
    39 | D:1      | Slain by a kobold

Illustrated notes

Levels and vault maps discovered:
D:1:      dpeg_arrival_ratfight, layout_basic

Action                   || total
-------------------------++-------
Melee: Unarmed           ||     9
       Bite              ||     1
Dodge: Dodged            ||     4
